 Dungeon Crawl Stone Soup version 0.20-b1-24-gb21faa7 (webtiles) character file.

2692 Gorglomux the Fighter (level 9, -1/82 HPs)
             Began as a Minotaur Fighter on May 25, 2017.
             Was an Elder of Okawaru.
             Killed from afar by a deep elf mage (22 damage)
             ... with a shard of ice
             ... on level 7 of the Dungeon.
             The game lasted 00:03:14 (4549 turns).

Gorglomux the Fighter (Minotaur Fighter)            Turns: 4549, Time: 00:03:15

Health: -1/82      AC: 10    Str: 21    XL:     9   Next: 38%
Magic:  8/8        EV: 12    Int:  5    God:    Okawaru [****..]
Gold:   463        SH: 11    Dex: 13    Spells: 8/8 levels left

rFire    . . .     SeeInvis .   a - +0 war axe
rCold    . . .     Gourm    .   c - +0 shield
rNeg     + . .     Faith    .   b - +0 scale mail
rPois    .         Spirit   .   (helmet restricted)
rElec    .         Reflect  .   (no cloak)
rCorr    +         Harm     .   (no gloves)
MR       .....                  p - +2 pair of boots
Stlth    ..........             (no amulet)
Regen    0.3/turn               G - ring of positive energy
MPRegen  0.2/turn               g - ring of resist corrosion

@: no status effects
A: retaliatory headbutt, horns 2
a: Heroism, Renounce Religion


You were on level 7 of the Dungeon.
You worshipped Okawaru.
Okawaru was greatly pleased with you.
You were hungry.

You visited 1 branch of the dungeon, and saw 7 of its levels.

You collected 463 gold pieces.

Inventory:

Hand Weapons
 a - a +0 war axe (weapon)
Armour
 b - a +0 scale mail (worn)
 c - a +0 shield (worn)
 p - a +2 pair of boots (worn)
 Z - +0 ice dragon scales
Jewellery
 g - a ring of resist corrosion (right hand)
 l - an uncursed ring of flight
 G - a ring of positive energy (left hand)
Wands
 I - a wand of iceblast (4/15)
Scrolls
 h - a scroll of enchant armour {unknown}
 k - a scroll of random uselessness {unknown}
 m - 3 scrolls of teleportation {unknown}
 n - 4 scrolls of identify {unknown}
 o - 3 scrolls of remove curse {unknown}
 s - a scroll of noise {unknown}
 u - a scroll of amnesia {unknown}
 L - 2 scrolls of enchant weapon {unknown}
 S - 2 scrolls of immolation {unknown}
 U - a scroll of fog {unknown}
 V - 4 scrolls of magic mapping {unknown}
Potions
 d - a potion of might
 r - a potion of berserk rage {unknown}
 v - a potion of agility {unknown}
 M - 5 potions of heal wounds {unknown}
 N - a potion of cancellation {unknown}
 O - 2 potions of brilliance {unknown}
 Q - 7 potions of curing
 R - 2 potions of flight {unknown}
 T - a potion of mutation {unknown}
 W - a potion of haste {unknown}
 X - a potion of ambrosia {unknown}
 Y - 3 potions of degeneration {unknown}
Books
 H - a book of Changes

   Spells                             Type                      Level
   a - Beastly Appendage              Transmutation                1
   b - Sticks to Snakes               Transmutation                2
   c - Spider Form                    Transmutation/Poison         3
   d - Ice Form                       Ice/Transmutation            4
   e - Blade Hands                    Transmutation                5
 K - a book of Air

   Spells                             Type                      Level
   a - Shock                          Conjuration/Air              1
   b - Swiftness                      Charms/Air                   2
   c - Static Discharge               Conjuration/Air              3
   d - Airstrike                      Air                          4
   e - Lightning Bolt                 Conjuration/Air              5
 P - a book of Misfortune

   Spells                             Type                      Level
   a - Confusing Touch                Hexes                        1
   b - Confuse                        Hexes                        3
   c - Gell's Gravitas                Translocation                3
   d - Petrify                        Transmutation/Earth          4
   e - Metabolic Englaciation         Hexes/Ice                    5
   f - Yara's Violent Unravelling     Hexes/Transmutation          5
Comestibles
 f - 5 bread rations
 q - 7 fruits


   Skills:
 + Level 8.7 Fighting
 + Level 7.7 Axes
 - Level 3.6 Armour
 + Level 7.0 Dodging
 + Level 8.5 Shields


You had 8 spell levels left.
You didn't know any spells.

Dungeon Overview and Level Annotations

Branches:
Dungeon (7/15)             Temple (0/1) D:5

Altars:
Cheibriados
Dithmenos
Elyvilon
Gozag
Makhleb
Okawaru
Sif Muna
Trog
Yredelemnul
Zin


Innate Abilities, Weirdness & Mutations

You reflexively headbutt those who attack you in melee.
You have a pair of horns on your head.


Message History

You miss the deep elf mage. Your headbutt misses the deep elf mage.
The deep elf mage is heavily wounded.
The deep elf mage hits you but does no damage.
You hit the deep elf mage.
The deep elf mage is severely wounded.
The deep elf mage gestures wildly while chanting.
You miss the deep elf mage.
You headbutt the deep elf mage, but do no damage.
The deep elf mage is severely wounded.
You closely miss the ice beast.
The deep elf mage casts a spell.
The deep elf mage blinks!
You block the ice beast's attack. You block the ice beast's attack.
There is a white marble altar of Elyvilon here.
You completely miss the deep elf mage.
The deep elf mage is severely wounded.
You hit the ice beast but do no damage.
The deep elf mage gestures at you while chanting.
The shard of ice hits you!
You die...

......# ......# ......#
.....# ......##### .....#
+##........ .....#
..#........ #####....#
..'........ #...#....#
..#............#._.#....#
.##....#####...#@Y.#....#
.#######. #...##e##....#
......... #............#
......... #.....8......#
############............#
....................)...#
.........>..............#
............##'###......#
............'....#......#


You could see a deep elf mage and an ice beast.

Vanquished Creatures
  Joseph (D:7)
  A centaur skeleton (D:6)
  Sigmund (D:6)
  Eustachio (D:4)
  The ghost of Gorglomux the Ducker, an amateur MiAr of Uskayaw (D:3)
  2 sky beasts
  2 ice beasts
  A black bear (D:7)
  A phantom (D:7)
  A centaur (D:6)
  A scorpion (D:4)
  A wight (D:6)
  3 crimson imps
  3 jellies
  4 orc priests
  A bullfrog skeleton (D:5)
  3 hounds
  An iguana (D:6)
  5 orc wizards
  4 worker ants
  A worker ant zombie (D:6)
  6 adders
  3 gnolls (D:2)
  An ooze (D:4)
  An adder zombie (D:6)
  An adder skeleton (D:4)
  2 worms
  3 dart slugs
  4 leopard geckos
  30 orcs
  4 giant cockroaches
  7 goblins
  7 hobgoblins
  12 jackals
  8 kobolds
  2 quokkas
  2 ball pythons
  10 bats
  6 frilled lizards
  A leopard gecko zombie (D:5)
  5 rats
154 creatures vanquished.

Notes
Turn   | Place    | Note
-------+----------+-------------------------------------------
     0 | D:1      | Gorglomux the Minotaur Fighter began the quest for the Orb.
     0 | D:1      | Reached XP level 1. HP: 19/19 MP: 0/0
   144 | D:1      | Reached XP level 2. HP: 21/27 MP: 1/1
   148 | D:1      | Reached skill level 1 in Dodging
   442 | D:1      | Reached XP level 3. HP: 29/33 MP: 2/2
   572 | D:2      | Reached skill level 3 in Axes
   602 | D:2      | Reached XP level 4. HP: 30/40 MP: 3/3
   677 | D:2      | Found a bloodstained altar of Trog.
   781 | D:2      | Found a snail-covered altar of Cheibriados.
   823 | D:2      | Found an iron altar of Okawaru.
   836 | D:2      | Became a worshipper of Warmaster Okawaru
  1005 | D:3      | Noticed Gorglomux's ghost (amateur MiAr)
  1027 | D:3      | Reached XP level 5. HP: 32/47 MP: 4/4
  1031 | D:3      | Noticed an ice beast
  1053 | D:3      | Killed an ice beast
  1053 | D:3      | Reached skill level 3 in Dodging
  1108 | D:3      | Killed Gorglomux's ghost
  1108 | D:3      | Reached XP level 6. HP: 9/56 MP: 5/5
  1222 | D:3      | Reached * piety under Okawaru
  1325 | D:3      | Found a glowing silver altar of Zin.
  1360 | D:3      | Found a shadowy altar of Dithmenos.
  1747 | D:4      | Noticed Eustachio
  1762 | D:4      | Killed Eustachio
  1762 | D:4      | Reached XP level 7. HP: 52/61 MP: 6/6
  1877 | D:4      | Reached skill level 6 in Shields
  2076 | D:4      | Found a deep blue altar of Sif Muna.
  2306 | D:4      | Reached skill level 6 in Fighting
  2445 | D:5      | Entered Level 5 of the Dungeon
  2587 | D:5      | Found an opulent altar of Gozag.
  2776 | D:5      | Reached ** piety under Okawaru
  2780 | D:5      | Reached XP level 8. HP: 47/71 MP: 7/7
  2927 | D:5      | Found a staircase to the Ecumenical Temple.
  3233 | D:6      | Noticed Sigmund
  3243 | D:6      | Killed Sigmund
  3243 | D:6      | Reached skill level 6 in Axes
  3411 | D:6      | Found a burning altar of Makhleb.
  3436 | D:6      | Reached *** piety under Okawaru
  3436 | D:6      | Reached skill level 6 in Dodging
  3633 | D:6      | Found a basalt altar of Yredelemnul.
  3744 | D:6      | Found a white marble altar of Elyvilon.
  3946 | D:7      | Reached XP level 9. HP: 76/81 MP: 8/8
  4073 | D:7      | Noticed Joseph
  4099 | D:7      | Killed Joseph
  4099 | D:7      | Reached **** piety under Okawaru
  4537 | D:7      | Found a white marble altar of Elyvilon.
  4537 | D:7      | Noticed a deep elf mage
  4549 | D:7      | Killed from afar by a deep elf mage

Skill      XL: |  1  2  3  4  5  6  7  8  9 |
---------------+----------------------------+-----
Dodging        | 1 2 3 4 5 6 7 |  7.0
Shields        | 4 5 6 8 |  8.5
Axes           | 3 4 5 7 |  7.7
Fighting       | 4 5 6 8 |  8.7
Armour         | |  3.6

Action                   |  1- 3 |  4- 6 |  7- 9 || total
-------------------------+-------+-------+-------++-------
Melee: War axe           |    80 |    97 |   287 ||   464
       Headbutt          |     7 |    16 |    59 ||    82
Invok: Heroism           |       |       |     1 ||     1
  Use: Potion            |       |     1 |       ||     1
  Eat: Chunk             |       |     3 |     7 ||    10
       Royal jelly       |       |       |     1 ||     1
Armor: Scale mail        |    35 |    46 |   100 ||   181
Dodge: Dodged            |    31 |    30 |    76 ||   137
Block: Shield            |    41 |    44 |   143 ||   228
